 Dungeon Crawl Stone Soup version 0.31-a0-236-g9a0961fb85 (webtiles) character file.

Game seed: 6252150780200061750

123 qw the Shooter (level 5, 0/30 HPs)
             Began as a Gargoyle Hexslinger on July 10, 2023.
             Slain by a goblin
             ... wielding a +4 dagger
             ... led by Robin
              (8 damage)
             ... on level 3 of the Dungeon.
             The game lasted 00:00:54 (2349 turns).

qw the Shooter (Gargoyle Hexslinger)                Turns: 2349, Time: 00:00:55

Health: 0/30       AC:  9    Str: 11    XL:     5   Next: 7%
Magic:  6/6        EV: 10    Int: 14    God:
Gold:   88         SH:  0    Dex: 14    Spells: 5/6 levels left

rFire   . . .        h - +0 shortbow
rCold   . . .        (shield currently unavailable)
rNeg    + . .        d - +0 ring mail
rPois   inf          (no helmet)
rElec   +            (no cloak)
rCorr   .            (no gloves)
SInv    .            (no boots)
Will    .....        (no amulet)
Stlth   +            (no ring)
HPRegen 0.25/turn    (no ring)
MPRegen 0.10/turn

%: no passive effects
@: no status effects
A: sickness immunity, AC +4, negative energy resistance 1, electricity
resistance, torment resistance 1, petrification resistance
a: no special abilities


You were on level 3 of the Dungeon.
You visited 1 branch of the dungeon, and saw 3 of its levels.

You collected 88 gold pieces.


Innate Abilities, Weirdness & Mutations

You are immune to sickness and miasma.
Your stone body is resilient. (AC +4)
You are immune to poison.
You resist negative energy. (rN+)
You are resistant to electric shocks. (rElec)
You are resistant to unholy torment.
You are immune to petrification.


   Skills:
 - Level 2.0 Fighting
 + Level 4.6 Ranged Weapons
 - Level 1.0 Armour
 - Level 1.5 Dodging
 - Level 1.0 Spellcasting
 - Level 2.6 Hexes


You had 5 spell levels left.
You knew the following spells:

 Your Spells              Type           Power      Damage    Failure   Level
a - Slow                  Hex            32%        N/A       21%         1

Your spell library contained the following spells:

 Spells                   Type           Power      Damage    Failure   Level
 Inner Flame              Hex/Fire       4%         N/A       71%         3
 Portal Projectile        Hex/Tloc       8%         N/A       71%         3
 Cause Fear               Hex            4%         N/A       90%         4

Inventory:

Hand Weapons
 h - a +0 shortbow (weapon)
Armour
 d - a +0 ring mail (worn)
Jewellery
 c - an amulet of reflection
Potions
 b - a potion of enlightenment {unknown}
 e - a potion of resistance {unknown}
 f - a potion of curing
 g - a potion of might
 i - a potion of brilliance {unknown}

Dungeon Overview and Level Annotations

Branches:
Dungeon (3/15)

Altars:
Hepliaklqana

Annotations:
D:3 Robin, Terence


Message History

You shoot an arrow. The arrow hits the ball python.
You kill the ball python!
Terence screams, "I want your blood!"
A goblin comes into view. It is wielding a +0 club.
Robin throws the goblin at you!
A goblin comes into view. It is wielding a +0 club.
Terence hits you but does no damage.
Robin roars a battlecry!
The goblins go into a battle-frenzy!
The goblin moves out of view.
You hear a shout! x2
You shoot an arrow. The arrow barely misses Terence.
The goblin shouts!
The arrow hits the goblin.
The goblin is moderately wounded.
Terence barely misses you.
The goblin unwields a +0 club.
The goblin wields a +0 sling.
The goblin shoots a sling bullet.
The sling bullet completely misses you. Robin throws the goblin at you!
The goblin hits you but does no damage.
You shoot an arrow. The arrow hits Terence.
Terence is moderately wounded.
Terence hits you but does no damage. The goblin barely misses you.
The goblin hits you but does no damage.
The goblin shoots a sling bullet.
The sling bullet hits you but does no damage.
You shoot an arrow. The arrow hits Terence.
Terence is moderately wounded.
Terence hits you with a +0 hand axe. The goblin hits you but does no damage.
Robin throws the goblin at you! The goblin misses you.
The goblin closely misses you.
The goblin shoots a sling bullet.
The sling bullet closely misses you.
The sling bullet hits the goblin.
The goblin hits you but does no damage.
Terence bares his teeth.
Terence hits you with a +0 hand axe.
The goblin hits you with a +0 dagger. x2
The goblin hits you with a +0 club.
A goblin comes into view. It is wielding a +0 dagger.
You shoot an arrow. The arrow hits Terence.
Terence is severely wounded.
Terence hits you with a +0 hand axe. The goblin hits you with a +0 club.
The goblin barely misses you. The goblin hits you with a +4 dagger!
You die...

##### #.#.# #####...#
......##+#...###.....#..
#...........)%...#######
#............##### ##
#............# #.
#.......<....# #.
.............# #.
.......gg....# #.
......g@gg...# #.
.####.g@g....... #.
....!...####... #.
..........# ... #.
#........g# .. #.
+.......).# #.
#........g) #.
#........... #. #.


You could see Terence, Robin and 8 goblins.

Vanquished Creatures
  5 adders
  3 worms
  2 dart slugs
  3 orcs (D:3)
  9 bats
  5 endoplasms
  A giant cockroach (D:1)
  7 goblins
  7 hobgoblins
  A quokka (D:3)
  6 ball pythons
  4 frilled lizards (D:1)
  4 kobolds
  3 rats (D:1)
60 creatures vanquished.

Notes
Turn   | Place    | Note
-------+----------+-------------------------------------------
     0 | D:1      | qw the Gargoyle Hexslinger began the quest for the Orb.
     0 | D:1      | Reached XP level 1. HP: 12/12 MP: 2/2
     0 | D:1      | 0 ||| qw: Version: 0.3-a-52-g30416fa
     0 | D:1      | 0 ||| qw: Game counter: 4680
     0 | D:1      | 0 ||| qw: Melee chars always use a shield: true
     0 | D:1      | 0 ||| qw: God list: Okawaru
     0 | D:1      | 0 ||| qw: Allow faded altars: false
     0 | D:1      | 0 ||| qw: Do Orc after clearing Dungeon:15 true
     0 | D:1      | 0 ||| qw: Do second Lair branch before Depths: true
     0 | D:1      | 0 ||| qw: Lair rune preference: random
     0 | D:1      | 0 ||| qw: Goals: Normal
     0 | D:1      | 0 ||| PLANNING D:1-11
   107 | D:1      | Reached XP level 2. HP: 16/16 MP: 3/3
   204 | D:1      | Reached skill level 3 in Ranged Weapons
   669 | D:1      | Reached XP level 3. HP: 21/21 MP: 4/4
   950 | D:1      | 950 ||| READING scroll labelled YMUMAURIGU.
   951 | D:1      | 951 ||| READING scroll labelled YNETOE FEGAITS.
   955 | D:1      | 955 ||| READING scroll labelled CUCROA TYRPH.
   956 | D:1      | 956 ||| DROPPING scroll of poison.
  1549 | D:2      | Found a hazy altar of Hepliaklqana.
  1583 | D:2      | Reached XP level 4. HP: 25/26 MP: 5/5
  1745 | D:2      | 1745 ||| UPGRADING to +0 ring mail.
  1755 | D:2      | 1755 ||| DROPPING +0 robe.
  1756 | D:2      | 1756 ||| DROPPING ring of wizardry.
  1757 | D:2      | 1757 ||| READING scroll labelled DOVODO GYQET.
  1758 | D:2      | 1758 ||| READING scroll labelled EFFEABLUAPN.
  1779 | D:2      | 1779 ||| DRINKING 2 sapphire potions.
  1780 | D:2      | 1780 ||| DRINKING 2 lumpy purple potions.
  1816 | D:3      | Reached skill level 4 in Ranged Weapons
  1907 | D:3      | 1907 ||| FLEEEEING.
  1908 | D:3      | 1908 ||| FLEEEEING.
  1909 | D:3      | 1909 ||| FLEEEEING.
  1910 | D:3      | 1910 ||| FLEEEEING.
  1911 | D:3      | 1911 ||| FLEEEEING.
  1912 | D:3      | 1912 ||| FLEEEEING.
  1913 | D:3      | 1913 ||| FLEEEEING.
  1915 | D:3      | Reached skill level 1 in Armour
  1978 | D:3      | 1978 ||| SWAPPING to +0 shortbow.
  1985 | D:3      | 1985 ||| DROPPING +1 sling.
  2091 | D:3      | Noticed Terence
  2104 | D:3      | HP: 6/26 [Terence/+0 hand axe (2)]
  2105 | D:3      | 2105 ||| READING scroll of teleportation.
  2334 | D:3      | Reached XP level 5. HP: 30/30 MP: 6/6
  2344 | D:3      | Noticed Robin
  2349 | D:3      | Slain by a goblin

Levels and vault maps discovered:
D:1:      dpeg_arrival_simpleton_b, layout_basic, st_stairs_4
D:2:      layout_basic, serial_forest, infiniplex_forest_3_way,
          infiniplex_forest_lined_corner, infiniplex_forest_3_way,
          infiniplex_forest_lined_2, infiniplex_forest_clump_diagonal,
          infiniplex_forest_clump_long, infiniplex_forest_lined_3_way,
          infiniplex_forest_clump_double, basic_altar
D:3:      layout_basic, uniq_terence, uniq_robin

Skill      XL: |  1  2  3  4 |
---------------+-------------+-----
Ranged Weapons | 3 4 |  4.6
Fighting       | 2 |  2.0
Armour         | 1 |  1.0
Dodging        | |  1.5
Spellcasting   | |  1.0
Hexes          | |  2.6

Action                     |  1- 3 |  4- 6 || total
---------------------------+-------+-------++-------
   Fire: Sling             |   142 |    34 ||   176
         Shortbow          |       |    62 ||    62
    Use: Scroll            |     3 |     3 ||     6
         Potion            |       |     2 ||     2
 Armour: Robe              |    22 |       ||    22
         Ring mail         |       |    21 ||    21
  Dodge: Dodged            |    54 |    33 ||    87

Table legend:
 A = Non-vault XP
 B = Vault XP
 C = Vault XP percentage of total XP
 D = Non-vault monster count
 E = Vault monster count
 F = Vault count percentage of total count
                 A         B        C        D         E       F
            +---------+---------+-------+---------+---------+-------
      Total |     163 |      13 |   7.4 |      53 |       7 |  11.7
            +---------+---------+-------+---------+---------+-------
        D:1 |      37 |       5 |  11.9 |      23 |       3 |  11.5
        D:2 |      47 |       0 |   0.0 |      12 |       0 |   0.0
        D:3 |      79 |       8 |   9.2 |      18 |       4 |  18.2
            +---------+---------+-------+---------+---------+-------
